 Dungeon Crawl Stone Soup version 0.19.1-1-g22dce08 (webtiles) character file.

92 Gargoyl the Skirmisher (level 4, -9/40 HPs)
             Began as a Ghoul Abyssal Knight on Jan 14, 2017.
             Was a Believer of Lugonu.
             Mangled by an ogre
             ... wielding a +0 giant club
              (15 damage)
             ... on level 4 of the Dungeon.
             The game lasted 00:04:26 (2181 turns).

Gargoyl the Skirmisher (Ghoul Abyssal Knight)       Turns: 2181, Time: 00:04:27

Health: -9/40      AC: 11    Str: 15    XL:     4   Next: 60%
Magic:  3/4        EV:  4    Int:  7    God:    Lugonu [**....]
Gold:   249        SH:  7    Dex:  9    Spells: 0 memorised, 3 levels left

rFire  . . .     SeeInvis .     a - +1 hand axe
rCold  + . .     Gourm    .     e - +0 chain mail
rNeg   + + +     Faith    .     f - +0 shield
rPois  ∞         Spirit   .     (no helmet)
rElec  .         Reflect  .     (no cloak)
rCorr  +         Harm     .     (no gloves)
MR     .....                    (no boots)
Stlth  ..........               j - amulet of magic regeneration
                                w - +3 ring of protection
                                o - ring of resist corrosion

@: rotting
A: rotting body, claws 1, carnivore 3, cold resistance 1, negative energy
resistance 3, slow regeneration 1, torment resistance, unbreathing
a: Depart the Abyss, Bend Space, Renounce Religion


You were on level 4 of the Dungeon.
You worshipped Lugonu.
Lugonu was pleased with you.
You were not hungry.

You visited 1 branch of the dungeon, and saw 4 of its levels.
You visited the Abyss 1 time.

You collected 249 gold pieces.

Inventory:

Hand Weapons
 a - a +1 hand axe (weapon)
Missiles
 y - 8 javelins (quivered)
Armour
 b - a +0 leather armour
 e - a +0 chain mail (worn)
 f - a +0 shield (worn)
Jewellery
 j - an amulet of magic regeneration (around neck)
 o - a ring of resist corrosion (left claw)
 w - a +3 ring of protection (right claw)
 x - an uncursed amulet of faith {unknown}
Scrolls
 d - 3 scrolls of identify {unknown}
 h - 2 scrolls of remove curse
 n - 2 scrolls of fog {unknown}
 q - 3 scrolls of teleportation {unknown}
 r - a scroll of enchant armour {unknown}
Potions
 i - 3 potions of lignification
 l - 2 potions of curing {unknown}
 m - a potion of might {unknown}
 p - a potion of cancellation {unknown}
 t - a potion of haste {unknown}
 u - a potion of degeneration {unknown}
Comestibles
 c - 2 meat rations
 g - 5 beef jerkies
 v - a slice of pizza


   Skills:
 + Level 3.8 Fighting
 + Level 2.5 Axes
 * Level 2.5 Armour
 + Level 1.2 Dodging
 + Level 1.0 Shields
 * Level 2.4 Invocations


You had 3 spell levels left.
You didn't know any spells.

Dungeon Overview and Level Annotations

Branches:
Dungeon (4/15)
 Temple: D:4-7

Altars:
Qazlal
Sif Muna
Trog


Innate Abilities, Weirdness & Mutations

Your body is rotting away.
You thrive on raw meat.
You are immune to poison.
You have sharp fingernails.
You are carnivorous and can eat meat at any time.
Your flesh is cold resistant. (rC+)
You are immune to negative energy. (rN+++)
You regenerate slowly when monsters are visible.
You are immune to unholy pain and torment.
You can survive without breathing.


Message History

Your shield and chain mail prevent you from hitting the ogre.
The scorpion stings you but does no damage.
The ogre hits you with a giant club. The scorpion stings you!
You hit the scorpion but do no damage.
The scorpion is moderately wounded.
You hit the ogre. The ogre hits you with a giant club! The scorpion stings you.
* * * LOW HITPOINT WARNING * * *
You hit the scorpion but do no damage.
The scorpion is moderately wounded.
You hit the ogre. The scorpion stings you.
* * * LOW HITPOINT WARNING * * *
The ogre barely misses you.
Unknown command.
Space bends around you!
You blink.
* * * LOW HITPOINT WARNING * * *
A scorpion comes into view.
The scorpion moves out of view.
It was a potion of lignification.
You feel woody for a moment. The ogre hits you with a giant club!
You die...

#.#.####### #. #.#.# ####
#. #.#.# ...# #. #.#.#
....# #.
#.#.#######.#.###....###.
.......§†.......'.>....#.
#.#.####s######.#....#.#.
#O# #.# ...# #. #@# #.#
..# #. .....s.........#
.# #. .........###.... #
#. ##.......# .... #.
#.......# .... ##
#.####+## #..... #. #


You could see an ogre and 2 scorpions.

Vanquished Creatures
  3 adders
  An ooze (D:2)
  A worm (D:2)
  2 dart slugs (D:1)
  2 orcs
  A ball python (D:2)
  3 giant cockroaches
  4 hobgoblins
  9 jackals
  A quokka (D:2)
  7 bats
  5 frilled lizards
  6 goblins
  3 kobolds
  2 rats (D:1)
50 creatures vanquished.

Notes
Turn   | Place    | Note
-------+----------+-------------------------------------------
     0 | Abyss:1  | Gargoyl the Ghoul Abyssal Knight began the quest for the Orb.
     0 | Abyss:1  | Reached XP level 1. HP: 19/19 MP: 1/1
    93 | Abyss:2  | Noticed an orange demon
    98 | Abyss:2  | Noticed a raiju
    99 | D:1      | Escaped the Abyss
   227 | D:1      | Reached XP level 2. HP: 21/26 MP: 2/2
   297 | D:1      | Reached * piety under Lugonu
   492 | D:1      | Reached skill level 1 in Dodging
   614 | D:2      | Reached XP level 3. HP: 29/33 MP: 3/3
  1283 | D:2      | Reached XP level 4. HP: 36/40 MP: 4/4
  1713 | D:3      | Found a deep blue altar of Sif Muna.
  1722 | D:3      | Found a stormy altar of Qazlal.
  1724 | D:3      | Found a bloodstained altar of Trog.
  1832 | D:3      | Reached skill level 1 in Shields
  1928 | D:2      | Reached ** piety under Lugonu
  2159 | D:4      | Noticed an ogre
  2181 | D:4      | Mangled by an ogre

Skill      XL: |  1  2  3  4 |
---------------+-------------+-----
Axes           | 2 |  2.5
Armour         | 2 |  2.5
Dodging        | 1 |  1.2
Shields        | 1 |  1.0
Fighting       | |  3.8
Invocations    | |  2.4

Action                   |  1- 3 |  4- 6 || total
-------------------------+-------+-------++-------
Melee: Hand axe          |   153 |    80 ||   233
Invok: Depart the Abyss  |     1 |       ||     1
       Bend Space        |       |     1 ||     1
  Use: Scroll            |     2 |       ||     2
       Potion            |       |     1 ||     1
  Eat: Chunk             |    20 |     7 ||    27
Armor: Chain mail        |   108 |    52 ||   160
Dodge: Dodged            |    42 |    19 ||    61
Block: Shield            |    55 |    36 ||    91
